 Dungeon Crawl Stone Soup version 0.25-a0-502-g6516661a7a (webtiles) character file.

Game seed: 10234248006091394559, levelgen mode: deterministic

183 mopl the Digger (level 5, -3/38 HPs)
             Began as a Draconian Earth Elementalist on Feb 12, 2020.
             Slain by a worker ant (5 damage)
             ... on level 4 of the Dungeon.
             The game lasted 00:05:07 (3105 turns).

mopl the Digger (Draconian Earth Elementalist)      Turns: 3105, Time: 00:05:08

Health: -3/38      AC:  5    Str: 10    XL:     5   Next: 35%
Magic:  8/10       EV: 12    Int: 17    God:
Gold:   227        SH:  0    Dex: 11    Spells: 1/11 levels left

rFire    . . .     SeeInvis .   a - +0 dagger
rCold    . . .     Gourm    .   (no shield)
rNeg     . . .     Faith    .   (armour unavailable)
rPois    .         Spirit   .   (helmet restricted)
rElec    .         Reflect  .   (no cloak)
rCorr    .         Harm     .   (no gloves)
MR       .....                  (no boots)
Stlth    ++........             (no amulet)
HPRegen  0.12/turn              (no ring)
MPRegen  0.12/turn              (no ring)

@: no status effects
A: unfitting armour, cold-blooded, AC +5
a: no special abilities


You were on level 4 of the Dungeon.
You were not hungry.

You visited 1 branch of the dungeon, and saw 4 of its levels.

You collected 227 gold pieces.

Inventory:

Hand Weapons
 a - a +0 dagger (weapon)
Missiles
 b - 82 stones (quivered)
 h - 6 poisoned darts
Scrolls
 d - 2 scrolls of fear {unknown}
 f - 3 scrolls of remove curse
 i - a scroll of enchant weapon {unknown}
 l - 3 scrolls of fog {unknown}
 n - a scroll of enchant armour {unknown}
Potions
 e - 2 potions of curing
 g - a potion of agility {unknown}
 j - a potion of invisibility
 k - a potion of cancellation
 m - a potion of magic {unknown}
Comestibles
 c - 7 rations
 o - 2 chunks of flesh


   Skills:
 - Level 1.7 Dodging
 - Level 1.7 Stealth
 + Level 3.5 Spellcasting
 + Level 1.5 Conjurations
 + Level 2.0 Transmutations
 + Level 4.4 Earth Magic


You had one spell level left.
You knew the following spells:

 Your Spells              Type           Power        Failure   Level  Hunger
a - Sandblast             Erth           ###...       2%          1    None
b - Stone Arrow           Conj/Erth      ##....       14%         3    ###....
c - Petrify               Tmut/Erth      ##......     41%         4    ####...
p - Passwall              Tmut/Erth      ##......     7%          2    ##.....

Your spell library contained the following spells:

 Spells                   Type           Power        Failure   Level  Hunger
 Lee's Rapid Deconstruct  Erth           ###.......   58%         5    ######.


Dungeon Overview and Level Annotations

Branches:
Dungeon (4/15)
 Temple: D:4-7

Altars:


Innate Abilities, Weirdness & Mutations

Your plain brown scales are hard. (AC +5)
You cannot fit into any form of body armour.
You are cold-blooded and may be slowed by cold attacks.


Message History

Confirm with . or Enter, or press ? or * to list all spells.
Aiming: Sandblast (safe; 2% risk of failure)
Press: ? - help, Shift-Dir - straight line, f/p - worker ant
Aim: a worker ant (moderately wounded)
The blast of sand hits the worker ant.
The worker ant is severely wounded.
b - 82 stones The gnoll shouts!
A gnoll comes into view. It is wielding a +0 whip.
The worker ant bites you.
* * * LOW HITPOINT WARNING * * *
The gnoll closely misses you. The worker ant barely misses you.
There is an open door here.
The worker ant bites you.
* * * LOW HITPOINT WARNING * * *
The worker ant barely misses you.
There is a stone staircase leading up here.
The worker ant bites you.
You die...

...# .#.
#+#+#....# .#.
#.#.#.... ...
#######........
..$
###.....g...######
...
#...g####.........
... #....#
#g#######.
...#####....# #a#
%gg'g..'....# #@#
...#####....# ###
.). ###### ###


You could see a worker ant and 2 gnolls.

Vanquished Creatures
  3 gnolls (D:3)
  7 adders
  An adder skeleton (D:4)
  3 worms
  A dart slug (D:1)
  3 leopard geckos
  6 orcs
  15 bats
  5 giant cockroaches
  7 goblins
  3 hobgoblins
  A ball python (D:1)
  7 frilled lizards
  7 kobolds
  8 rats
77 creatures vanquished.

Notes
Turn   | Place    | Note
-------+----------+-------------------------------------------
     0 | D:1      | mopl the Draconian Earth Elementalist began the quest for
                  | the Orb.
     0 | D:1      | Reached XP level 1. HP: 14/14 MP: 3/3
   148 | D:1      | Reached XP level 2. HP: 20/20 MP: 3/5
   156 | D:1      | Learned a level 2 spell: Passwall
   854 | D:1      | Reached XP level 3. HP: 26/26 MP: 5/7
  1170 | D:2      | Reached skill level 3 in Spellcasting
  1174 | D:2      | Reached skill level 4 in Earth Magic
  1211 | D:2      | Learned a level 3 spell: Stone Arrow
  1294 | D:2      | Reached XP level 4. HP: 33/33 MP: 5/8
  1548 | D:2      | You fall into a shaft and drop 2 floors!
  1946 | D:2      | Reached skill level 1 in Conjurations
  2244 | D:3      | Reached XP level 5. HP: 25/38 MP: 6/10
  2734 | D:3      | Found a faded altar of an unknown god.
  2872 | D:3      | Reached skill level 2 in Transmutations
  2878 | D:3      | Learned a level 4 spell: Petrify
  3090 | D:4      | HP: 1/38 [worker ant (3)]
  3096 | D:4      | HP: 1/38 [worker ant (1)]
  3105 | D:4      | Slain by a worker ant

Levels and vault maps discovered:
D:1:      doesnt_arrival_eight_statues, layout_basic
D:2:      layout_loops_corners
D:3:      layout_loops_ring, chequers_ecumenical_altar_lobes, eino_tiny_chamber
D:4:      layout_basic, serial_shops, shop_fountains, minmay_bent

Skill      XL: |  1  2  3  4  5 |
---------------+----------------+-----
Spellcasting   | 3 |  3.5
Earth Magic    | 4 |  4.4
Conjurations   | 1 |  1.5
Transmutations | 2 |  2.0
Dodging        | |  1.7
Stealth        | |  1.7

Action                   |  1- 3 |  4- 6 || total
-------------------------+-------+-------++-------
Melee: Unarmed           |    20 |       ||    20
       Tailslap          |     4 |     5 ||     9
       Dagger            |    25 |    71 ||    96
 Cast: Sandblast         |    37 |    69 ||   106
  Use: Scroll            |       |     4 ||     4
 Stab: Sleeping          |     3 |     1 ||     4
  Eat: Chunk             |     2 |     5 ||     7
Armor: Skin              |    38 |    38 ||    76
Dodge: Dodged            |    42 |    62 ||   104

Table legend:
 A = Non-vault XP
 B = Vault XP
 C = Vault XP percentage of total XP
 D = Non-vault monster count
 E = Vault monster count
 F = Vault count percentage of total count
                 A         B        C        D         E       F
            +---------+---------+-------+---------+---------+-------
      Total |     243 |      19 |   7.3 |      74 |       3 |   3.9
            +---------+---------+-------+---------+---------+-------
        D:1 |      42 |       0 |   0.0 |      25 |       0 |   0.0
        D:2 |      84 |       0 |   0.0 |      23 |       0 |   0.0
        D:3 |     107 |       0 |   0.0 |      24 |       0 |   0.0
        D:4 |      10 |      19 |  65.5 |       2 |       3 |  60.0
            +---------+---------+-------+---------+---------+-------
